AoeStats
← Jazzmushroom

Lombardia

507140736Analyzed
4v4 RM · 16d ago on Sep 16, 2026· 11m 22s· 8 players
Game mode
Random Map
Map size
Large (8 player)
Population
200
Speed
Normal
Resources
Standard
Victory
Conquest
Starting age
Dark Age
Ending age
Imperial Age
RankedLock teamsTeams togetherTeam positionsShared explorationLock speedFull tech treeHidden civsTurbo modeCheats
Victory
Defeat
🇨🇷 Hindustanis · Costa Rica
1483
+10
🇲🇽 Maya · Mexico
1396
+13
1365
+14
🇺🇸 Malay · United States
1298
+18
🇲🇽 Mapuche · Mexico
1389
-16
🇩🇪 Burmese · Germany
1361
-15
🇺🇸 Khitans · United States
1319
-13
🇪🇸 Mongols · Spain
1253
-11
Jazzmushroom
11:44 Feudal Age
软脚虾3号
天空6
11:55 Feudal Age
sgt peppers s
8:46 Loom
11:57 Feudal Age
Daniel Lothbrok
6:20 Loom
9:14 Feudal Age
9:55 Double-Bit Axe
11:12 Horse Collar
Lady D
0:26 Loom
9:22 Feudal Age
10:22 Double-Bit Axe
GENGIS KHAN'T
11:33 Feudal Age
斷頭將軍拒當逃兵
0:29 Loom
11:36 Feudal Age
Connection lost

Rejoining the realm…

Still unreachable

The connection could not be restored.

Session expired

The server has moved on; the page needs a fresh start.